 Dungeon Crawl Stone Soup version 0.18-a0-1343-g48c8f86 (webtiles) character file.

305 M4edhros the Insei (level 6, -5/47 HPs)
             Began as a Mummy Monk on Feb 16, 2016.
             Shot with an arrow by a centaur (9 damage)
             ... on level 5 of the Dungeon.
             The game lasted 00:06:44 (5548 turns).

M4edhros the Insei (Mummy Monk)                     Turns: 5548, Time: 00:06:44

Health: -5/47      AC:  3    Str: 14    XL:     6   Next: 15%
Magic:  6/6        EV: 13    Int: 10    God:
Gold:   127        SH:  0    Dex: 16    Spells: 0 memorised, 5 levels left

rFire  x . .     SeeInvis .       - Unarmed
rCold  + . .     Gourm    .     (no armour)
rNeg   + + +     Faith    .     (no shield)
rPois  ∞         Spirit   .     h - +0 helmet
rElec  .         Dismiss  .     f - +1 cloak
rCorr  .         Reflect  .     (no gloves)
SustAt .         Harm     .     (no boots)
MR     .....                    (no amulet)
Stlth  +++.......               (no ring)
                                (no ring)

@: not resistant to hostile enchantments, fairly stealthy
A: no food or potions, fire vulnerability, cold resistance 1, negative energy
resistance 3, torment resistance, unbreathing
a: no special abilities


You were on level 5 of the Dungeon.
You were not hungry.

You visited 1 branch of the dungeon, and saw 5 of its levels.

You collected 127 gold pieces.

Inventory:

Armour
 f - a +1 cloak (worn)
 h - a +0 helmet (worn)
Scrolls
 a - 3 scrolls of fog
 b - a scroll of blinking
 c - 3 scrolls of teleportation
 d - a scroll of fear
 e - a scroll of immolation
 g - 2 scrolls of remove curse
 i - a scroll of amnesia {unknown}
 j - a scroll of random uselessness


   Skills:
 - Level 3.0 Fighting
 - Level 2.4 Dodging
 + Level 4.4 Stealth
 + Level 4.8 Unarmed Combat


You had 5 spell levels left.
You didn't know any spells.

Dungeon Overview and Level Annotations

Branches:
Dungeon (5/15)
 Temple: D:4-7

Altars:
Ashenzari
Dithmenos
Nemelex Xobeh
Vehumet

Annotations:
D:5 Menkaure; Scytalen's ghost, amateur DrTm


Innate Abilities, Weirdness & Mutations

You do not eat or drink.
Your flesh is vulnerable to fire.
You are immune to poison.
Your flesh is cold resistant.
You are immune to negative energy.
You are immune to unholy pain and torment.
You can survive without breathing.


Message History

An adder skeleton is nearby!
Found a purple potion.
You punch the adder skeleton! The adder skeleton bites you.
You hit the adder skeleton. The adder skeleton bites you.
You punch the adder skeleton!
You destroy the adder skeleton!
No target in view!
You start resting.
HP restored.
A centaur comes into view.
The centaur shouts!
Found a pearl ring.
A centaur is nearby!
A centaur is nearby!
The centaur wields a glowing shortbow.
It bursts into flame!
The centaur shoots an arrow.
The arrow hits you! The arrow burns you!
The centaur shoots an arrow.
The arrow hits you!
* * * LOW HITPOINT WARNING * * *
The arrow burns you!
You die...

.....................#
.............#.........
...!................#..
...........#._.#.......
#.....?............#...
...........#.......#.
###............>..##
####...............###
.=.....@......######
..c......#.####
...........#
..........##
.........## .........#
.........# .........#
#####


You could see a centaur.

Vanquished Creatures
  A centaur zombie (D:5)
  2 orc priests
  An orc wizard (D:3)
  Terence (D:3)
  A gnoll (D:3)
  6 adders
  An ooze (D:1)
  2 adder skeletons
  3 worms (D:2)
  3 giant geckos (D:3)
  2 orcs (D:3)
  2 ball pythons
  3 giant cockroaches
  10 goblins
  7 hobgoblins
  2 jackals (D:2)
  12 kobolds
  12 bats
  2 giant newts
  6 rats
79 creatures vanquished.

Notes
Turn   | Place    | Note
--------------------------------------------------------------
     0 | D:1      | M4edhros the Mummy Monk began the quest for the Orb.
     0 | D:1      | Reached XP level 1. HP: 18/18 MP: 1/1
   386 | D:1      | Reached XP level 2. HP: 10/24 MP: 2/2
  1342 | D:2      | Reached XP level 3. HP: 22/29 MP: 3/3
  1963 | D:2      | Found a shadowy altar of Dithmenos.
  2238 | D:2      | Reached XP level 4. HP: 27/35 MP: 4/4
  2405 | D:2      | Reached skill level 4 in Unarmed Combat
  2675 | D:3      | Found a shattered altar of Ashenzari.
  3373 | D:2      | Reached XP level 5. HP: 22/41 MP: 5/5
  3936 | D:3      | Noticed Terence
  4330 | D:3      | Found a sparkling altar of Nemelex Xobeh.
  4441 | D:3      | Killed Terence
  4897 | D:4      | HP: 2/41 [orc priest/divine providence (14)]
  4987 | D:5      | Entered Level 5 of the Dungeon
  4987 | D:5      | Noticed Menkaure
  5034 | D:5      | Noticed Scytalen's ghost (amateur DrTm)
  5056 | D:5      | Reached XP level 6. HP: 24/47 MP: 6/6
  5456 | D:5      | Found a radiant altar of Vehumet.
  5548 | D:5      | Shot with an arrow by a centaur

Vault maps used:
D:1:      lemuel_arrival_rhombus, minivault_4
D:2:      nicolae_dithmenos_shadow_blocks
D:3:      nicolae_overflow_crystal_walls, lemuel_doored_altar, first_bread,
          uniq_terence
D:4:      serial_bayou_ford_a, uniq_duvessa
D:5:      vehumet_altar_wand_db, uniq_menkaure

Action                   |  1- 3 |  4- 6 || total
-------------------------+-------+-------++-------
Melee: Unarmed           |   154 |   226 ||   380
  Use: Scroll            |     4 |     5 ||     9
 Stab: Sleeping          |     9 |     7 ||    16
